 Dungeon Crawl Stone Soup version 0.30.1-9-gdf580d7c3d (webtiles) character file.

Game seed: 15984668472228904862

11479 Wiggles the Severer (level 11, -6/97 HPs)
             Began as a Minotaur Berserker on Oct 6, 2023.
             Was a High Priest of Trog.
             Succumbed to a deep elf zephyrmancer's poison
             ... on level 11 of the Dungeon.
             The game lasted 00:18:03 (10304 turns).

Wiggles the Severer (Minotaur Berserker)           Turns: 10304, Time: 00:18:03

Health: -6/97      AC: 21    Str: 32    XL:     11   Next: 49%
Magic:  10/10      EV: 13    Int:  2    God:    Trog [*****.]
Gold:   614        SH:  5    Dex: 17    Spells: 10/10 levels left

rFire   x . .        y - +3 battleaxe (spect)
rCold   . . .        (shield currently unavailable)
rNeg    . . .        z - +6 scale mail "Hehu" {rF- Str+6 Int+3}
rPois   .            (helmet restricted)
rElec   .            e - +1 cloak of the Contumacious God {Harm Int-5 Dex+7 Slay+2}
rCorr   .            (no gloves)
SInv    .            (no boots)
Will    .....        q - amulet of reflection
Stlth   +            j - +4 ring of protection
HPRegen 0.36/turn    (no ring)
MPRegen 0.12/turn

%: harm (+30% outgoing, +20% incoming), reflection
@: lethally poisoned (-6 -> -28), on berserk cooldown, slowed, very slow
A: horns 2, retaliatory headbutt
a: Renounce Religion, Berserk, Trog's Hand, Brothers in Arms


You were on level 11 of the Dungeon.
You worshipped Trog.
Trog was extremely pleased with you.
You visited 1 branch of the dungeon, and saw 11 of its levels.
You also visited: Ossuary.

You collected 709 gold pieces.
You spent 95 gold pieces at shops.

Inventory:

Hand Weapons
 p - a +3 executioner's axe of distortion
 y - a +3 spectral battleaxe (weapon)
Armour
 d - a +0 plate armour
 e - the +1 cloak of the Contumacious God (worn) {Harm Int-5 Dex+7 Slay+2}
   (You acquired it on level 6 of the Dungeon)

   Int:       It affects your intelligence (-5).
   Dex:       It affects your dexterity (+7).
   Slay:      It affects your accuracy & damage with ranged weapons and melee
   (+2).
   Harm:      It increases damage dealt and taken.
 z - the +6 scale mail "Hehu" (worn) {rF- Str+6 Int+3}
   (You found it on level 6 of the Dungeon)

   Str:       It affects your strength (+6).
   Int:       It affects your intelligence (+3).
   rF:        It makes you vulnerable to fire.
Jewellery
 j - a +4 ring of protection (left hand)
 q - an amulet of reflection (around neck)
 B - a ring of protection from fire
 H - a ring of poison resistance
Wands
 o - a wand of polymorph (8)
 s - a wand of flame (21)
 w - a wand of digging (10)
 E - a wand of acid (7)
Scrolls
 b - 8 scrolls of identify
 k - a scroll of magic mapping
 n - 10 scrolls of teleportation
 u - a scroll of blinking
 x - a scroll of enchant armour
 C - 2 scrolls of poison
 D - a scroll of fog
Potions
 a - 4 potions of mutation
 c - 3 potions of haste
 f - 4 potions of flight
 i - 13 potions of curing
 l - 2 potions of invisibility
 r - a potion of berserk rage
 A - 3 potions of heal wounds
 F - 2 potions of might


   Skills:
 + Level 9.6 Fighting
 + Level 15.4 Axes
 + Level 10.2 Armour
 + Level 5.2 Dodging
 + Level 2.0 Stealth
 + Level 6.1 Shields
 + Level 0.3 Evocations


You had 10 spell levels left.
You didn't know any spells.
Your spell library was empty.

Dungeon Overview and Level Annotations

Branches:
Dungeon (11/15)            Temple (0/1) D:5            Lair (0/5) D:9
    Orc (0/2) D:10        Ossuary (visited)

Altars:
Elyvilon
Fedhas
Kikubaaqudgha
Okawaru
Qazlal
Ru
Sif Muna
Vehumet
Yredelemnul

Shops:
D:3 ?:[(   D:4 (   D:5 [


Innate Abilities, Weirdness & Mutations

You have a pair of horns on your head.
You reflexively headbutt those who attack you in melee.


Message History

You feel a strong urge to attack something.
You feel sick.
Found the Anthology of Axaxaxas mlö.
You feel sick.
A deep elf zephyrmancer comes into view.
It is wielding a +2 dagger of venom.
Items here: ( )))) †††.
You feel your anger nearly subside.
You are no longer berserk.
You are exhausted.
You feel as though you will be slow longer.
You feel sick.
You are no longer poisoned.
The deep elf zephyrmancer hits you with a +2 dagger of venom.
You are poisoned.
You feel very sick.
The deep elf zephyrmancer points at you and mumbles some strange words.
The bolt of lightning hits you!!
You feel sick.
The deep elf zephyrmancer hits you but does no damage.
You are more poisoned.
The deep elf zephyrmancer hits you but does no damage.
You are more poisoned.
You hit the deep elf zephyrmancer but do no damage.
Your +3 spectral battleaxe completely misses the deep elf zephyrmancer.
You feel very sick.
The deep elf zephyrmancer closely misses you.
You barely miss the deep elf zephyrmancer.
You headbutt the deep elf zephyrmancer!
The deep elf zephyrmancer is moderately wounded.
Your +3 spectral battleaxe hits the deep elf zephyrmancer!
You feel very sick.
The deep elf zephyrmancer gestures at you while chanting.
The bolt of lightning hits you!
* * * LOW HITPOINT WARNING * * *
The deep elf zephyrmancer hits you but does no damage.
You are more poisoned.
You hear a shout!
You barely miss the deep elf zephyrmancer.
You headbutt the deep elf zephyrmancer!
The deep elf zephyrmancer is almost dead.
Your +3 spectral battleaxe misses the deep elf zephyrmancer.
You die...

#. #### #. #..
^... #.##.# ^...
#.##.#### ...:
#.......## ... .
#........###.###..
#........)........
#.......)(........
#........e@.......
#<..........$.....
#.................
#........$........
#..[..............
#.................
##################


You could see a deep elf zephyrmancer and a friendly +3 spectral battleaxe.

Vanquished Creatures
  A two-headed ogre (D:10)
  Erica (D:10)
  A boulder beetle (D:6)
  Pikel (D:8)
  A deep elf zephyrmancer (D:11)
  A rime drake (D:9)
  3 trolls
  A slime creature (D:8)
  Sigmund (D:4)
  3 wyverns
  5 yaks (D:9)
  3 steam dragons
  Menkaure (D:4)
  2 water moccasins
  5 orc warriors
  A swamp drake (D:10)
  5 ice beasts
  3 black bears
  An ogre (D:5)
  4 sky beasts
  A centaur (D:6)
  2 phantoms
  3 wolves (D:9)
  3 lemures (D:8)
  6 kobold brigands
  5 bullfrogs
  3 scorpions
  19 wights
  7 killer bees
  An electric eel (D:6)
  3 howler monkeys
  2 hounds (D:7)
  5 jellies (D:8)
  8 orc priests
  Jessica (D:3)
  5 iguanas
  Terence (D:3)
  7 orc wizards
  4 mummies (Ossuary)
  7 adders
  A white imp (D:5)
  An ufetubus (D:6)
  3 worms (D:2)
  2 dart slugs
  37 orcs
  A bat (D:1)
  12 endoplasms
  3 giant cockroaches
  8 goblins
  7 hobgoblins
  17 jackals
  28 kobolds
  3 quokkas
  6 ball pythons
  2 frilled lizards
  7 gnoll skeletons (Ossuary)
  3 gnoll zombies (Ossuary)
  5 goblin skeletons (Ossuary)
  3 goblin zombies (Ossuary)
  7 hobgoblin zombies (Ossuary)
  3 kobold skeletons (Ossuary)
  4 kobold zombies (Ossuary)
  3 orc skeletons (Ossuary)
  4 orc zombies (Ossuary)
  2 rats (D:1)
  7 rat skeletons (Ossuary)
  4 rat zombies (Ossuary)
320 creatures vanquished.

Vanquished Creatures (others)
  An adder (D:6)
  A kobold (D:11)
2 creatures vanquished.

Grand Total: 322 creatures vanquished

Notes
Turn   | Place    | Note
-------+----------+-------------------------------------------
     0 | D:1      | Wiggles the Minotaur Berserker began the quest for the Orb.
     0 | D:1      | Reached XP level 1. HP: 19/19 MP: 0/0
   295 | D:1      | Reached skill level 4 in Axes
   295 | D:1      | Reached XP level 2. HP: 23/27 MP: 1/1
   721 | D:1      | Reached ** piety under Trog
   846 | D:1      | Reached XP level 3. HP: 32/33 MP: 2/2
  1233 | D:2      | Reached XP level 4. HP: 41/41 MP: 3/3
  1485 | D:2      | Reached skill level 5 in Axes
  1952 | D:3      | Reached XP level 5. HP: 46/47 MP: 4/4
  2008 | D:3      | Found Benk's Armour Shop.
  2012 | D:3      | Found Qooladuh's Antique Weapon Emporium.
  2025 | D:3      | Found a radiant altar of Vehumet.
  2255 | D:3      | Noticed Jessica
  2260 | D:3      | Killed Jessica
  2260 | D:3      | Reached *** piety under Trog
  2361 | D:3      | Found Geurhyme's Book Shop.
  2401 | D:3      | Found Vuasiero's Magic Scroll Boutique.
  2410 | D:3      | Bought a scroll of brand weapon for 95 gold pieces
  2474 | D:3      | Noticed Terence
  2483 | D:3      | Killed Terence
  2599 | D:3      | Found a shimmering blue altar of Sif Muna.
  2931 | D:4      | Reached XP level 6. HP: 7/53 MP: 5/5
  3339 | D:4      | Noticed Menkaure
  3356 | D:4      | Killed Menkaure
  3357 | D:4      | Reached skill level 6 in Axes
  3357 | D:4      | Reached skill level 5 in Armour
  3357 | D:4      | Reached skill level 1 in Shields
  3572 | D:4      | Reached skill level 5 in Fighting
  3572 | D:4      | Reached XP level 7. HP: 60/61 MP: 6/6
  3651 | D:4      | Noticed Sigmund
  3669 | D:4      | Killed Sigmund
  3799 | D:4      | Found Zeilul's Weapon Emporium.
  3847 | D:4      | Reached skill level 1 in Stealth
  3852 | D:4      | Reached skill level 7 in Axes
  4264 | D:5      | Entered Level 5 of the Dungeon
  4275 | D:5      | Found a sacrificial altar of Ru.
  4441 | D:5      | Found Agenn's Armour Shoppe.
  4534 | D:5      | Reached XP level 8. HP: 66/68 MP: 7/7
  4672 | D:5      | Reached skill level 8 in Axes
  4801 | D:5      | Reached skill level 5 in Shields
  4913 | D:5      | Found a staircase to the Ecumenical Temple.
  5370 | D:6      | Reached skill level 9 in Axes
  5410 | D:6      | Found a sand-covered staircase.
  5415 | Ossuary  | Entered an ossuary
  5442 | Ossuary  | Reached **** piety under Trog
  5854 | D:6      | Noticed a boulder beetle
  5854 | D:6      | Noticed a troll
  5855 | D:6      | Identified the +6 scale mail "Hehu" {rF- Str+6 Int+3}
  5860 | D:6      | Killed a troll
  5861 | D:6      | Reached XP level 9. HP: 77/77 MP: 8/8
  5866 | D:6      | Killed a boulder beetle
  5867 | D:6      | Reached skill level 10 in Axes
  6017 | D:6      | Reached ***** piety under Trog
  6259 | D:6      | Found a blossoming altar of Fedhas.
  6281 | D:6      | Reached skill level 11 in Axes
  6691 | D:6      | Identified 2 scrolls of acquirement
  6691 | D:6      | Acquired the +1 cloak of the Contumacious God {Harm Int-5
                  | Dex+7 Slay+2}
  7186 | D:7      | Identified the +2 battleaxe of Soecist {antimagic, Dex+2}
                  | (Trog gifted it to you on level 7 of the Dungeon)
  7186 | D:7      | Received a gift from Trog
  7383 | D:7      | Found a stormy altar of Qazlal.
  7529 | D:8      | Reached XP level 10. HP: 86/86 MP: 9/9
  7530 | D:8      | Reached skill level 12 in Axes
  7837 | D:8      | Noticed Pikel
  7840 | D:8      | Killed Pikel
  7885 | D:8      | Reached skill level 13 in Axes
  8318 | D:9      | Found an iron altar of Okawaru.
  8425 | D:9      | Reached skill level 14 in Axes
  8431 | D:9      | Reached XP level 11. HP: 72/97 MP: 10/10
  8431 | D:9      | Found a staircase to the Lair.
  9053 | D:10     | Entered Level 10 of the Dungeon
  9078 | D:10     | Received a gift from Trog
  9211 | D:10     | Found a white marble altar of Elyvilon.
  9250 | D:10     | Found an ancient bone altar of Kikubaaqudgha.
  9278 | D:10     | Noticed a two-headed ogre
  9281 | D:10     | Killed a two-headed ogre
  9282 | D:10     | Reached skill level 15 in Axes
  9498 | D:10     | Found a staircase to the Orcish Mines.
  9519 | D:10     | Reached skill level 5 in Dodging
  9815 | D:10     | Found a basalt altar of Yredelemnul.
  9955 | D:10     | Noticed Erica
  9963 | D:10     | Killed Erica
  9964 | D:10     | Reached skill level 10 in Armour
  9996 | D:10     | Acquired a +3 executioner's axe of distortion
 10288 | D:11     | Noticed a deep elf zephyrmancer
 10291 | D:11     | Killed a deep elf zephyrmancer
 10296 | D:11     | Noticed a deep elf zephyrmancer
 10303 | D:11     | HP: 2/97 [deep elf zephyrmancer/bolt of lightning (18)]
 10304 | D:11     | Succumbed to a deep elf zephyrmancer's poison

Illustrated notes

Levels and vault maps discovered:
D:1:      amcnicky_arrival_double_pillar, layout_loops_corners
D:2:      layout_basic
D:3:      layout_loops_ring, lemuel_crystal_altar, lemuel_blue_sif_altar,
          serial_shops, shop, shop, shop, shop, minmay_tree_intersection,
          kennysheep_jessica_study, uniq_terence
D:4:      layout_loops_corners, serial_shops, shop, uniq_menkaure, uniq_sigmund
D:5:      wander_river, layout_loops_ring, nicolae_ru_the_path_less_chosen,
          lemuel_temple_firewalk_a, serial_shops, nicolae_shop_real_fake_doors
D:6:      kennysheep_big_flooded_room, layout_loops_ring,
          nicolae_overflow_hidden_temple, enter_ossuary_5
D:7:      layout_loops_ring, nicolae_qazlal_eye_of_the_storm
D:8:      cheibrodos_fertilizer, layout_basic, minmay_increasing_density,
          uniq_pikel
D:9:      layout_long_grid, okawaru_ov_weapons_minmay, hellmonk_lair_entry_icy,
          item_on_display_a
D:10:     layout_long_grid, kennysheep_ying_yang, lemuel_crystal_altar,
          erik_orc_1, uniq_erica
D:11:     minmay_the_grid_triangle_9x9_rhombus_thin
          [minmay_the_grid_triangle_9x9_limited_checkers,
          minmay_the_grid_triangle_9x9_prize_insulated,
          minmay_the_grid_triangle_9x9_skeleton,
          minmay_the_grid_triangle_9x9_descending_squares], layout_long_grid,
          bh_hangedman_babel_library

Skill      XL: |  1  2  3  4  5  6  7  8  9 10 11 |
---------------+----------------------------------+-----
Axes           | 4 5 6 7 9 11 14 15 | 15.4
Fighting       | 4 5 6 7 9 |  9.6
Armour         | 3 4 5 6 7 8 9 10 | 10.2
Dodging        | 3 4 5 |  5.2
Shields        | 2 3 5 6 |  6.1
Stealth        | 1 2 |  2.0
Evocations     | |  0.3

Action                     |  1- 3 |  4- 6 |  7- 9 | 10-12 || total
---------------------------+-------+-------+-------+-------++-------
  Melee: Hand axe          |    87 |   119 |       |       ||   206
         Headbutt          |     9 |    18 |    42 |    24 ||    93
         War axe           |       |     6 |   136 |       ||   142
         Battleaxe         |       |       |   142 |   128 ||   270
 Invoke: Berserk           |       |     2 |     3 |     1 ||     6
  Evoke: Wand              |       |       |     2 |       ||     2
    Use: Scroll            |       |       |    22 |     6 ||    28
   Stab: Distracted        |       |       |       |     1 ||     1
 Armour: Animal skin       |     3 |       |       |       ||     3
         Ring mail         |    26 |     8 |       |       ||    34
         Scale mail        |       |    11 |    22 |    52 ||    85
         Chain mail        |       |    30 |    61 |       ||    91
  Dodge: Dodged            |    52 |    48 |    75 |    49 ||   224
  Block: Kite shield       |       |    54 |    85 |       ||   139
         Reflection        |       |       |     2 |     3 ||     5
         Other             |       |       |    19 |    18 ||    37
